 Dungeon Crawl Stone Soup version 0.17.0-73-gb648821 (webtiles) character file.

13896 Deemzul the Martial Artist (level 12, -4/87 HPs)
             Began as an Octopode Monk on Dec 10, 2015.
             Was a High Priest of Dithmenos.
             Engulfed by a cloud of freezing vapour (22 damage)
             ... in an ice cave.
             The game lasted 00:29:14 (12781 turns).

Deemzul the Martial Artist (Octopode Monk)         Turns: 12781, Time: 00:29:14

Health: -4/87      AC:  1    Str: 11    XL:     12   Next: 10%
Magic:  16/16      EV: 14    Int: 12    God:    Dithmenos [*****.]
Gold:   795        SH:  0    Dex: 24    Spells: 1 memorised, 9 levels left

rFire  + + .     SeeInvis .       - Unarmed
rCold  . . .     Clarity  .     (no shield)
rNeg   . . .     SustAt   .     (helmet restricted)
rPois  +         Gourm    .     (no amulet)
rElec  .         Spirit   .     n - ring of protection from fire
rCorr  .         Warding  .     t - +3 ring of dexterity
rMut   .         Stasis   .     p - ring of protection from fire
MR     .....                    f - ring of invisibility
Stlth  ++++++++++               b - ring of stealth
                                D - ring of poison resistance
                                (no ring)
                                (no ring)

@: wreathed by umbra, not resistant to hostile enchantments, uncannily stealthy
A: almost no armour, amphibious, 8 rings, constrict 8, tentacle spike 1,
camouflage 2, agile 1, spit poison 1, gelatinous body 1
a: Spit Poison, Shadow Step, Shadow Form, Renounce Religion, Evoke Invisibility


You were in an ice cave.
You worshipped Dithmenos.
Dithmenos was extremely pleased with you.
You were not hungry.

You visited 3 branches of the dungeon, and saw 16 of its levels.
You also visited: Ice Cave.

You collected 795 gold pieces.

Inventory:

Jewellery
 b - a ring of stealth (on tentacle)
 f - a ring of invisibility (on tentacle)
 n - a ring of protection from fire (left tentacle)
 p - a ring of protection from fire (on tentacle)
 t - a +3 ring of dexterity (right tentacle)
 D - a ring of poison resistance (on tentacle)
Wands
 e - a wand of disintegration (1)
 j - a wand of polymorph (11)
 s - a wand of magic darts (10)
 w - a wand of slowing (16)
 y - a wand of invisibility (1)
 z - a wand of confusion (19)
 A - a wand of slowing (28)
 E - a wand of cold (2)
 K - a wand of paralysis (9)
 N - a wand of teleportation (2)
Scrolls
 d - 12 scrolls of identify
 g - 3 scrolls of remove curse
 m - 3 scrolls of enchant weapon
 u - a scroll of fear
 L - a scroll of magic mapping
 M - a scroll of teleportation
Potions
 h - 3 potions of cure mutation
 i - a potion of resistance
 l - 4 potions of flight
 G - 2 potions of ambrosia
Books
 r - a book of Spatial Translocations

   Spells                             Type                      Level
   a - Apportation                    Translocation                1
   b - Blink                          Translocation                2
   c - Shroud of Golubria             Charms/Translocation         2
   d - Portal Projectile              Translocation                3
   e - Teleport Other                 Translocation                3
   f - Passage of Golubria            Translocation                4
 x - the Incunabulum of Attacks and Protection
   (You found it on level 5 of the Dungeon)

   Spells                             Type                      Level
   a - Swiftness                      Charms/Air                   2
   b - Dazzling Spray                 Conjuration/Hexes            3
   c - Throw Icicle                   Conjuration/Ice              4
   d - Bolt of Magma                  Conjuration/Fire/Earth       5
   e - Iskenderun's Battlesphere      Conjuration/Charms           5
 H - a book of Maledictions

   Spells                             Type                      Level
   a - Corona                         Hexes                        1
   b - Ensorcelled Hibernation        Hexes/Ice                    2
   c - Confuse                        Hexes                        3
   d - Tukima's Dance                 Hexes                        3
   e - Dazzling Spray                 Conjuration/Hexes            3
 O - a Necronomicon

   Spells                             Type                      Level
   a - Haunt                          Necromancy/Summoning         7
   b - Borgnjor's Revivification      Necromancy                   8
   c - Death's Door                   Charms/Necromancy            8
   d - Necromutation                  Transmutation/Necromancy     8
Miscellaneous
 k - a fan of gales
 q - a box of beasts
Comestibles
 a - 8 bread rations
 c - 2 beef jerkies
 o - 29 fruits
 v - 2 slices of pizza
 C - 4 meat rations


   Skills:
 + Level 9.9 Fighting
 - Level 3.0 Dodging
 + Level 12.4 Stealth
 * Level 13.4 Unarmed Combat
 + Level 5.7 Evocations


You had 9 spell levels left.
You knew the following spells:

 Your Spells              Type           Power        Failure   Level  Hunger
a - Blink                 Tloc           N/A          52%         2    ###....


Dungeon Overview and Level Annotations

Branches:
Dungeon (12/15)            Temple (1/1) D:4            Lair (3/8) D:11
  Swamp: Lair:3-6    Shoals: Lair:3-6     Snake: Lair:3-6    Spider: Lair:3-6
    Orc: D:9-12

Altars:
Ashenzari
Cheibriados
Dithmenos
Elyvilon
Fedhas
Gozag
Kikubaaqudgha
Makhleb
Nemelex Xobeh
Ru
Sif Muna
Trog
Xom
Yredelemnul
The Shining One

Shops:
D:4 }   D:7 %

Annotations:
D:11 karlm's ghost, journeyman GrFi
Lair:1 Fannar


Innate Abilities, Weirdness & Mutations

You cannot wear most types of armour.
You are amphibious.
You can wear up to eight rings at the same time.
You can use your tentacles to constrict eight enemies at once.
Your skin blends seamlessly with your surroundings (Stealth).
Your rubbery body absorbs attacks (AC +1).
One of your tentacles bears a spike.
You are agile. (Dex +2)
You can spit weak poison.


Message History

You see here a wolf corpse.
You start resting.
Your magical contamination has completely faded away.
You butcher the wolf corpse.
B - 2 chunks of flesh
Found 24 gold pieces.
You start resting.
You feel a little less mighty now.
You start resting.
Eating one of 2 chunks of flesh.
This raw flesh tastes terrible.
You continue eating. x2
All of the chunks of flesh in your inventory have rotted away.
HP restored.
You are engulfed in freezing vapours.
Found a runed battleaxe.
You are engulfed in freezing vapours.
You are engulfed in freezing vapours.
* * * LOW HITPOINT WARNING * * *
You are engulfed in freezing vapours.
You die...

##### ### ###...##
.. ## ##......# .#)
##..÷##..# ###.#
###...##...#
#§§@####...####..##
##§§§##...####...#
##..§##..# #....#
#§.###..####..∩#
#§§####..##∩..##
##.§##..$.#####
##.§..#.## ########


There were no monsters in sight!

Vanquished Creatures
  Harold (Lair:1)
  Nergalle (Lair:1)
  Pikel (D:7)
  2 elephants (Lair:2)
  2 spiny frogs
  The ghost of Deemzul the Insei, a novice OpMo of Dithmenos (D:5)
  2 komodo dragons
  2 polar bears (IceCv)
  Grinder (D:5)
  4 hippogriffs
  A wraith (D:10)
  17 yaks
  2 hungry ghosts
  A deep elf fighter (D:11)
  3 wolves (IceCv)
  Menkaure (D:6)
  5 porcupines
  Duvessa (D:6)
  3 orc warriors
  3 water moccasins
  2 ogres
  2 ice beasts
  2 phantoms (D:9)
  4 black bears
  2 sky beasts
  The ghost of Vayl the Charmwright, an amateur DrSk (D:4)
  5 crocodiles
  A wasp (D:10)
  2 centaurs (D:8)
  3 big kobolds
  15 giant frogs
  2 scorpions
  Dowan (D:6)
  A crimson imp (D:9)
  A giant frog zombie (D:6)
  A centaur zombie (D:11)
  A jelly (D:7)
  2 hounds
  A gnoll shaman (D:9)
  An orc priest (D:4)
  3 giant frog skeletons
  6 orc wizards
  6 iguanas
  7 worker ants
  2 hound skeletons
  16 river rats
  14 adders
  3 gnolls (D:9)
  A shadow imp (D:11)
  An adder zombie (D:5)
  2 worms (D:5)
  5 giant geckos
  27 orcs
  6 giant cockroaches
  14 hobgoblins
  11 jackals
  4 quokkas
  A ball python (D:4)
  9 bats
  3 giant newts
  4 goblins (D:2)
  A jackal zombie (D:5)
  8 kobolds
  A quokka skeleton (D:4)
  11 rats
  2 fungi (D:11)
272 creatures vanquished.

Vanquished Creatures (others)
  A wolf (IceCv)
  A giant frog (D:7)
  A quokka (D:4)
  3 fungi
  A plant (Lair:1)
7 creatures vanquished.

Grand Total: 279 creatures vanquished

Notes
Turn   | Place    | Note
--------------------------------------------------------------
     0 | D:1      | Deemzul the Octopode Monk began the quest for the Orb.
     0 | D:1      | Reached XP level 1. HP: 16/16 MP: 1/1
    91 | D:1      | Reached XP level 2. HP: 21/21 MP: 2/2
   434 | D:2      | Found a blossoming altar of Fedhas.
   624 | D:2      | Reached XP level 3. HP: 17/26 MP: 3/3
   826 | D:2      | Reached skill level 5 in Unarmed Combat
  1223 | D:3      | Reached XP level 4. HP: 25/31 MP: 4/4
  1570 | D:4      | Found a staircase to the Ecumenical Temple.
  1590 | Temple   | Entered the Ecumenical Temple
  1746 | Temple   | Became a worshipper of Dithmenos the Shadowed
  1746 | Temple   | Reached * piety under Dithmenos
  1746 | Temple   | Reached ** piety under Dithmenos
  1972 | D:4      | Reached XP level 5. HP: 32/37 MP: 5/5
  1982 | D:4      | Found a sparkling altar of Nemelex Xobeh.
  1985 | D:4      | Found a basalt altar of Yredelemnul.
  1987 | D:4      | Found a glowing golden altar of the Shining One.
  2145 | D:4      | Found a white marble altar of Elyvilon.
  2152 | D:4      | Noticed Vayl's ghost (amateur DrSk)
  2363 | D:5      | Entered Level 5 of the Dungeon
  2375 | D:5      | Noticed a sky beast
  2411 | D:4      | Found Ovetuvefa's Gadget Shop.
  2447 | D:5      | Reached skill level 6 in Unarmed Combat
  2458 | D:5      | Noticed Grinder
  2595 | D:6      | Noticed Menkaure
  2607 | D:6      | Killed Menkaure
  2607 | D:6      | Reached XP level 6. HP: 31/44 MP: 6/6
  2613 | D:6      | Noticed an orc warrior
  2647 | D:6      | Killed an orc warrior
  2679 | D:5      | Killed Grinder
  2679 | D:5      | Reached skill level 5 in Fighting
  2679 | D:5      | Reached skill level 7 in Unarmed Combat
  2679 | D:5      | Reached XP level 7. HP: 47/50 MP: 7/7
  2809 | D:5      | Identified the Incunabulum of Attacks and Protection
  2971 | D:6      | Noticed Duvessa
  2971 | D:6      | Noticed Dowan
  2975 | D:6      | Killed Dowan
  2975 | D:6      | Reached skill level 5 in Stealth
  2979 | D:6      | Killed Duvessa
  3157 | D:6      | Reached XP level 8. HP: 48/56 MP: 8/8
  3361 | D:6      | Reached skill level 8 in Unarmed Combat
  3935 | D:7      | Found Jimn's Food Boutique.
  4105 | D:7      | Found an opulent altar of Gozag.
  4324 | D:7      | Noticed Pikel
  4346 | D:7      | Killed Pikel
  4346 | D:7      | Reached skill level 9 in Unarmed Combat
  4346 | D:7      | Reached XP level 9. HP: 18/63 MP: 9/9
  4941 | D:8      | Reached *** piety under Dithmenos
  4962 | D:8      | Reached skill level 10 in Unarmed Combat
  5700 | D:8      | Found a white marble altar of Elyvilon.
  6242 | D:9      | Found a bloodstained altar of Trog.
  6290 | D:9      | Reached XP level 10. HP: 70/72 MP: 10/10
  6390 | D:10     | Entered Level 10 of the Dungeon
  6819 | D:9      | Reached skill level 11 in Unarmed Combat
  7149 | D:9      | Gained mutation: You can spit weak poison. [potion of mutation]
  7149 | D:9      | Gained mutation: Your skin blends seamlessly with your surroundings (Stealth). [potion of mutation]
  7149 | D:9      | Gained mutation: You are agile. (Dex +2) [potion of mutation]
  7353 | D:9      | Noticed a five-headed hydra
  7493 | D:5      | Reached **** piety under Dithmenos
  7514 | D:5      | Noticed an ogre
  7558 | D:5      | Noticed Deemzul's ghost (novice OpMo)
  7588 | D:5      | Killed an ogre
  7588 | D:5      | Reached skill level 10 in Stealth
  7698 | D:5      | Killed a sky beast
  7707 | D:5      | Killed Deemzul's ghost
  7739 | D:5      | Gained mutation: You are very agile. (Dex +4) [mutagenic meat]
  7740 | D:5      | Gained mutation: One of your tentacles bears a spike. [mutagenic meat]
  7742 | D:5      | Lost mutation: You are very agile. (Dex +4) [mutagenic meat]
  8100 | D:4      | Killed Vayl's ghost
  8965 | D:10     | Reached skill level 1 in Evocations
  9123 | D:10     | Noticed a hill giant
  9249 | D:11     | Noticed karlm's ghost (journeyman GrFi)
  9517 | D:11     | Found a staircase to the Lair.
  9520 | D:11     | Reached skill level 12 in Unarmed Combat
  9528 | Lair:1   | Entered Level 1 of the Lair of Beasts
  9593 | D:11     | Learned a level 2 spell: Blink
  9610 | D:12     | Found an ancient bone altar of Kikubaaqudgha.
  9707 | D:11     | Reached XP level 11. HP: 78/78 MP: 13/13
  9849 | Lair:1   | Noticed Fannar
  9939 | Lair:1   | Noticed an elephant
  9954 | Lair:1   | Noticed Nergalle
 10009 | Lair:1   | Noticed a five-headed hydra
 10018 | Lair:1   | Killed Nergalle
 10640 | Lair:1   | Noticed Harold
 10668 | Lair:1   | Killed Harold
 10980 | Lair:1   | Noticed an elephant
 11239 | Lair:2   | Reached skill level 13 in Unarmed Combat
 11245 | Lair:2   | Reached skill level 5 in Evocations
 11335 | Lair:1   | Noticed an elephant
 11363 | Lair:1   | Reached ***** piety under Dithmenos
 11929 | Lair:3   | Found a frozen archway.
 12070 | Lair:2   | Reached XP level 12. HP: 16/87 MP: 16/16
 12371 | IceCv    | Entered an ice cave
 12781 | IceCv    | Engulfed by a cloud of freezing vapour

Action                   |  1- 3 |  4- 6 |  7- 9 | 10-12 || total
-------------------------+-------+-------+-------+-------++-------
Melee: Unarmed           |    78 |    67 |   187 |   418 ||   750
Invok: Shadow Step       |       |       |       |     1 ||     1
 Abil: Evoke Invisibilit |       |       |       |     4 ||     4
Evoke: Wand              |       |       |       |    10 ||    10
  Use: Potion            |       |     3 |     7 |     9 ||    19
       Scroll            |       |       |     6 |    11 ||    17
 Stab: Sleeping          |    11 |     7 |    18 |    55 ||    91
       Distracted        |       |       |     1 |     2 ||     3
  Eat: Chunk             |       |     5 |    12 |    25 ||    42
       Pizza             |       |       |       |     1 ||     1
       Fruit             |       |       |       |     1 ||     1
       Beef jerky        |       |       |       |     1 ||     1
